 Dungeon Crawl Stone Soup version 0.30-a0-341-g682706514a (webtiles) character file.

Game seed: 15861565433432075907

1374 p00ps00p the Ducker (level 8, 0/58 HPs)
             Began as a Djinni Transmuter on Nov 4, 2022.
             Was an Initiate of Gozag.
             Slain by a wight
             ... wielding a +3 flail of freezing
              (3 damage)
             ... on level 6 of the Dungeon on Nov 5, 2022.
             The game lasted 00:19:43 (8492 turns).

p00ps00p the Ducker (Djinni Transmuter)             Turns: 8492, Time: 00:19:43

Health: 0/58       AC:  7    Str:  9    XL:     8   Next: 98%
Gold:   438        EV: 14    Int: 18    God:    Gozag SH:  0 Dex: 13

rFire   + + .      SeeInvis .    p - +2 short sword (vamp)
rCold   x . .      Faith    .    (no shield)
rNeg    . . .      Spirit   .    a - +2 robe
rPois   ∞          Reflect  .    (no helmet)
rElec   .          Harm     .    (no cloak)
rCorr   .          Rampage  .    e - +2 pair of gloves
Will    .....                    (boots unavailable)
Stlth   +.........               (no amulet)
HPRegen 0.29/turn                (no ring)
MPRegen 0.00/turn                (no ring)

@: flying
A: sickness immunity, fire resistance 2, cold vulnerability 1, float, innate
caster, HP casting, extra vitality 1
a: Renounce Religion, Potion Petition, Call Merchant, Bribe Branch


You were on level 6 of the Dungeon.
You worshipped Gozag.
Gozag was aware of your devotion.
You visited 2 branches of the dungeon, and saw 7 of its levels.
You also visited: Sewer.

You collected 512 gold pieces.
You paid 74 gold pieces to Gozag.

Inventory:

Hand Weapons
 h - a +2 flail of holy wrath
 p - a +2 vampiric short sword (weapon)
Missiles
 f - 6 silver javelins
Armour
 a - a +2 robe (worn)
 e - a +2 pair of gloves (worn)
Scrolls
 k - 2 scrolls of fog {unknown}
 s - 3 scrolls of enchant armour
Potions
 b - a potion of berserk rage
 c - a potion of lignification
 d - a potion of might
 g - a potion of mutation
 i - 2 potions of attraction
 j - a potion of cancellation
 l - a potion of ambrosia
 o - a potion of flight
 q - a potion of curing
 r - 3 potions of invisibility {unknown}
 t - a potion of resistance {unknown}
 u - a potion of brilliance {unknown}


   Skills:
 + Level 4.8 Fighting
 + Level 1.8 Short Blades
 + Level 5.6 Dodging
 - Level 5.1 Unarmed Combat
 - Level 4.7 Spellcasting


You couldn't memorise any spells.
You knew the following spells:

 Your Spells              Type           Power      Damage    Failure   Level
a - Beastly Appendage     Tmut           42%        N/A       1%          1
b - Wereblood             Tmut           21%        N/A       3%          2
c - Spider Form           Tmut/Pois      21%        N/A       6%          3
d - Ice Form              Ice/Tmut       21%        N/A       19%         4
e - Sandblast             Erth           42%        2d11      1%          1
f - Blink                 Tloc           42%        N/A       3%          2
g - Portal Projectile     Hex/Tloc       42%        N/A       6%          3
Your spell library was empty.

Dungeon Overview and Level Annotations

Branches:
Dungeon (6/15)             Temple (1/1) D:5           Sewer (visited)

Altars:
Cheibriados
Dithmenos
Elyvilon
Fedhas
Gozag
Hepliaklqana
Makhleb
Okawaru
Qazlal
Ru
Trog
Uskayaw
Wu Jian
Xom
Yredelemnul
Zin
The Shining One

Shops:
D:3 :   D:5 *

Annotations:
D:6 Maggie, Sigmund


Innate Abilities, Weirdness & Mutations

You are immune to sickness and miasma.
You are immune to poison.
Your flesh is very heat resistant. (rF++)
You are vulnerable to cold. (rC-)
You float through the air rather than walking.
You learn spells naturally, not from books.
Your magical power is your life essence.
You have superior vitality. (+4 MHP)


Message History

Casting: Sandblast (safe; 1% risk of failure)
Confirm with . or Enter, or press ? or * to list all spells.
Aiming: Sandblast (safe; 1% risk of failure)
Press: ? - help, Shift-Dir - straight line, f/p - wight
Aim: a wight, wielding a +5 spear and wearing a +0 robe (heavily damaged, 83% to hit)
The blast of sand hits the wight but does no damage.
The wight is heavily damaged.
The necrophage completely misses you. The wight barely misses you.
The wight hits you from afar with a +5 spear.
The necrophage hits you. The wight barely misses you.
The wight hits you from afar with a +5 spear!
Blink to where?
Press: ? - help, Q - select action, (/) - cycle Dir - move target, p - wight A scorpion and a wight come into view.
The wight is wielding a +3 flail of freezing.
Found a potion of haste.
Found a stone staircase leading down.
As you read the scroll of blinking, it crumbles to dust.
The scorpion stings you. The scorpion attacks as you move away!
The scorpion closely misses you.
Found 12 gold pieces.
Maggie the Vainglorious comes into view.
She is wielding a +1 vorpal scimitar.
The scorpion stings you. The scorpion attacks as you move away!
The scorpion stings you.
* * * LOW HITPOINT WARNING * * *
Maggie shouts!
The scorpion stings you.
* * * LOW HITPOINT WARNING * * *
The wight completely misses you. The wight barely misses you.
The scorpion stings you.
* * * LOW HITPOINT WARNING * * *
The scorpion attacks as you move away!
The scorpion stings you but does no damage.
The wight closely misses you. The wight barely misses you.
There is a stone staircase leading down here.
The scorpion closely misses you.
The wight hits you with a +3 flail of freezing.
* * * LOW HITPOINT WARNING * * *
The wight freezes you.
You die...
Your body crumbles into a pile of gold.

..^..##..... .....#.##....#.#..
...<....... #.........n...#.# .
............. #. #............#
#.#...####..# #. #..#..#....#.#
......####..#.#. #..z...........
............#.#.##.n#............
...)........#.....z.#..#....#....
............###.#z..#..#....
##..........###@@s.......$..
##....###...........#.##...
......................# ..
...............##.#.### ..
#.#..#.##.#.#.......#
#.#..#.##.#.#..##.###
#.........#.......##
#...........#...#..##
#....#.##...~~~~~....


You could see Maggie, a necrophage, a scorpion and 3 wights.

Vanquished Creatures
  Edmund (D:5)
  Pargi (Sewer)
  A black bear (D:6)
  An ogre (D:6)
  A phantom (D:5)
  2 necrophages (D:5)
  4 scorpions
  A wight (D:6)
  A howler monkey (D:6)
  2 hounds
  An orc priest (D:4)
  Terence (D:2)
  2 iguanas
  3 orc wizards
  6 gnolls
  6 adders
  A white imp (D:5)
  2 ufetubi (D:5)
  4 worms
  2 dart slugs
  16 orcs
  7 bats
  7 endoplasms
  5 giant cockroaches
  3 goblins (D:1)
  5 hobgoblins
  3 jackals (D:3)
  4 kobolds
  3 quokkas
  4 ball pythons
  8 frilled lizards
108 creatures vanquished.

Vanquished Creatures (others)
  2 fungi (D:6)
2 creatures vanquished.

Grand Total: 110 creatures vanquished

Notes
Turn   | Place    | Note
-------+----------+-------------------------------------------
     0 | D:1      | p00ps00p the Djinni Transmuter began the quest for the Orb.
     0 | D:1      | p00ps00p set off with the following spells memorised:
                  | Beastly Appendage, Wereblood, Spider Form, Ice Form.
     0 | D:1      | Reached XP level 1. HP: 17/17 MP: 0/0
   106 | D:1      | Reached XP level 2. HP: 20/22 MP: 0/0
   607 | D:1      | Reached XP level 3. HP: 27/27 MP: 0/0
   607 | D:1      | Learned a level 1 spell: Sandblast
  1187 | D:2      | Noticed Terence
  1199 | D:2      | HP: 1/27 [Terence/+0 mace (8)]
  1202 | D:2      | Killed Terence
  1203 | D:2      | Reached XP level 4. HP: 23/33 MP: 0/0
  2154 | D:2      | HP: 1/33 [giant cockroach (1)]
  3243 | D:3      | Found Guodus's Book Shop.
  3335 | D:3      | Reached XP level 5. HP: 23/38 MP: 0/0
  3335 | D:3      | Learned a level 2 spell: Blink
  4029 | D:4      | Reached XP level 6. HP: 45/45 MP: 0/0
  5635 | D:5      | Entered Level 5 of the Dungeon
  5845 | D:5      | Noticed Edmund
  5864 | D:5      | Killed Edmund
  5865 | D:5      | Reached XP level 7. HP: 15/50 MP: 0/0
  5865 | D:5      | Learned a level 3 spell: Portal Projectile
  6454 | D:5      | Found a staircase to the Ecumenical Temple.
  6466 | Temple   | Entered the Ecumenical Temple
  6785 | Temple   | Became a worshipper of Gozag Ym Sagoz the Greedy
  7032 | D:5      | Reached XP level 8. HP: 53/58 MP: 0/0
  7517 | D:5      | Found Wuimys's General Store.
  7672 | D:6      | Reached skill level 5 in Unarmed Combat
  7683 | D:6      | Reached skill level 5 in Dodging
  7980 | D:6      | Reached skill level 1 in Short Blades
  8006 | D:6      | Found a glowing drain.
  8007 | D:6      | Noticed Sigmund
  8016 | Sewer    | Entered a sewer
  8079 | Sewer    | Noticed Pargi
  8088 | Sewer    | Killed Pargi
  8488 | D:6      | Noticed Maggie
  8492 | D:6      | Slain by a wight

Illustrated notes

Levels and vault maps discovered:
D:1:      saegor_arrival_fortress, layout_basic, supply_closet_lemuel,
          minmay_misc_feat_tower
D:2:      minmay_alternating_diamond, layout_basic, kennysheep_cross_room,
          hangedman_decor_push, uniq_terence
D:3:      layout_loops_ring, serial_shops, shop
D:4:      layout_basic
D:5:      minmay_evil_eye, layout_loops_ring, minmay_temple_entry_stoned_glass,
          serial_shops, nicolae_shop_advertising_works
          [nicolae_subvault_shop_adworks], dk_rats_in_the_wall, uniq_edmund
D:6:      layout_basic, cheibrodos_sewer_entry_drain, roderic_serpentine_path,
          dreamdust_gnoll_farm, uniq_maggie, uniq_sigmund
Temple:   mainiacjoe_temple_cubbyholes

Skill      XL: |  1  2  3  4  5  6  7  8 |
---------------+-------------------------+-----
Spellcasting   | 2 3 4 |  4.7
Fighting       | 2 3 4 |  4.8
Dodging        | 3 4 5 |  5.6
Unarmed Combat | 4 5 |  5.1
Short Blades   | 1 |  1.8

Action                   |  1- 3 |  4- 6 |  7- 9 || total
-------------------------+-------+-------+-------++-------
Melee: Unarmed           |    77 |   166 |       ||   243
       Headbutt          |    10 |    33 |     6 ||    49
       Punch             |       |     2 |     2 ||     4
       Short sword       |       |    14 |    51 ||    65
 Cast: Beastly Appendage |    14 |    43 |     5 ||    62
       Wereblood         |     8 |    35 |     5 ||    48
       Blink             |       |     2 |       ||     2
       Sandblast         |       |     8 |    83 ||    91
       Spider Form       |       |     1 |       ||     1
       Portal Projectile |       |       |     1 ||     1
Evoke: Wand              |       |     7 |     3 ||    10
  Use: Scroll            |     7 |    14 |     6 ||    27
       Potion            |     2 |     3 |     3 ||     8
Armor: Robe              |    31 |    55 |    40 ||   126
       Skin              |     1 |       |       ||     1
Dodge: Dodged            |    62 |   135 |   113 ||   310

Table legend: (Time is in decaauts)
 A = Elapsed time spent in this place.
 B = Non-inter-level travel time spent in this place.
 C = Inter-level travel time spent in this place.
 D = Time resting spent in this place.
 E = Time spent auto-exploring this place.
 F = Levels seen in this place.
 G = Mean time per level.
                   A        B        C        D        E       F      G
               +--------+--------+--------+--------+--------+-----+--------+
         Total |   8483 |   8335 |    148 |   3162 |   3761 |   8 | 1060.4 |
       Dungeon |   7777 |   7700 |     77 |   3078 |   3373 |   6 | 1296.2 |
        Temple |    361 |    290 |     71 |      0 |    286 |   1 |  361.0 |
         Sewer |    343 |    343 |      0 |     84 |    102 |   1 |  343.0 |
               +--------+--------+--------+--------+--------+-----+--------+

Top non-repeatable levels by time:
     D:4: 2164 daAuts
     D:2: 1628 daAuts
     D:5: 1609 daAuts
     D:1: 1134 daAuts
     D:3: 674 daAuts
     D:6: 565 daAuts
  Temple: 361 daAuts
   Sewer: 343 daAuts
